 Dungeon Crawl Stone Soup version 0.24.0-124-g2791043dd8 (webtiles) character file.

Game seed: 10311601956784637612, levelgen mode: deterministic

3794 eccles the Conjurer (level 9, -20/61 HPs)
             Began as a Demonspawn Fire Elementalist on Feb 10, 2020.
             Was a Believer of Sif Muna.
             Killed from afar by Erica (23 damage)
             ... with an orb of energy
             ... on level 8 of the Dungeon on Feb 14, 2020.
             The game lasted 01:17:06 (9971 turns).

eccles the Conjurer (Demonspawn Fire Elementalist)  Turns: 9971, Time: 01:17:07

Health: -20/61     AC:  6    Str:  8    XL:     9   Next: 96%
Magic:  0/19       EV: 13    Int: 26    God:    Sif Muna [**....]
Gold:   704        SH:  0    Dex: 13    Spells: 3/21 levels left

rFire    . . .     SeeInvis .   b - +2 hunting sling (velocity)
rCold    . . .     Gourm    .   (no shield)
rNeg     . . .     Faith    +   A - +1 leather armour
rPois    .         Spirit   +   (helmet restricted)
rElec    .         Reflect  .   t - +1 cloak
rCorr    .         Harm     .   (no gloves)
MR       +....                  (no boots)
Stlth    ++........             p - amulet of faith
HPRegen  0.20/turn              v - ring of protection from magic
MPRegen  0.16/turn              j - +5 ring of intelligence

@: lethally poisoned (-20 -> -24), very slightly contaminated
A: horns 2, magic shield, sturdy frame 1
a: Channel Magic, Renounce Religion


You were on level 8 of the Dungeon.
You worshipped Sif Muna.
Sif Muna was pleased with you.
You were hungry.

You visited 2 branches of the dungeon, and saw 9 of its levels.
You also visited: Ossuary.

You collected 704 gold pieces.

Inventory:

Hand Weapons
 a - a +0 short sword
 b - a +2 hunting sling of velocity (weapon)
 E - a cursed -1 mace
 G - the +4 war axe "Jetustros" {chaos, Int+7 Dex+4, unknown}
   (You found it on level 7 of the Dungeon)

   Each time it hits an enemy it has a different, random effect.
   It affects your intelligence (+7).
   It affects your dexterity (+4).
 J - a +0 shortbow
Missiles
 g - 41 bolts
 h - 260 stones (quivered)
 r - 42 poisoned darts
 F - 46 arrows
Armour
 t - a +1 cloak (worn)
 A - a +1 leather armour (worn)
Jewellery
 j - a +5 ring of intelligence (right hand)
 p - an amulet of faith (around neck)
 v - a ring of protection from magic (left hand)
 D - an uncursed ring of flight
 K - a cursed amulet of inaccuracy {unknown}
Wands
 B - a wand of polymorph (7)
Scrolls
 l - 3 scrolls of fog
 m - 8 scrolls of teleportation
 s - 4 scrolls of immolation
 w - a scroll of remove curse
Potions
 f - 2 potions of haste
 k - a potion of magic
 n - 5 potions of might
 o - a potion of resistance {unknown}
 H - a potion of lignification {unknown}
Comestibles
 c - 16 rations


   Skills:
 + Level 2.2 Fighting
 + Level 2.5 Short Blades
 + Level 0.8(2.9) Slings
 + Level 4.5(4.6) Throwing
 + Level 3.0 Dodging
 + Level 2.8 Stealth
 + Level 0.6 Unarmed Combat
 * Level 6.9 Spellcasting
 * Level 7.0 Conjurations
 * Level 6.5 Fire Magic


You had 3 spell levels left.
You knew the following spells:

 Your Spells              Type           Power        Failure   Level  Hunger
a - Flame Tongue          Conj/Fire      #####        1%          1    None
b - Throw Flame           Conj/Fire      #####.       1%          2    None
c - Conjure Flame         Conj/Fire      #####...     1%          3    None
d - Inner Flame           Hex/Fire       ####....     5%          3    None
e - Sticky Flame          Conj/Fire      #####...     4%          4    ###....
f - Fireball              Conj/Fire      #####.....   12%         5    #####..

Your spell library contained the following spells:

 Spells                   Type           Power        Failure   Level  Hunger


Dungeon Overview and Level Annotations

Branches:
Dungeon (8/15)             Temple (1/1) D:5         Ossuary (visited)
   Lair: D:8-11

Altars:
Ashenzari
Cheibriados
Dithmenos
Elyvilon
Fedhas
Gozag
Hepliaklqana
Kikubaaqudgha
Makhleb
Nemelex Xobeh
Qazlal
Ru
Sif Muna
Trog
Uskayaw
Wu Jian
Xom
Yredelemnul
Zin
The Shining One

Annotations:
D:6 !troll
D:7 1 exclusion
D:8 Erica


Innate Abilities, Weirdness & Mutations

You have a pair of horns on your head.
When hurt, damage is shared between your health and your magic reserves.
Your movements are slightly less encumbered by armour. (ER -2)


Message History

You feel invigorated.
* * * LOW HITPOINT WARNING * * *
You feel sick. Something hits you but does no damage.
You feel sick. Something hits you!
* * * LOW HITPOINT WARNING * * *
Something burns you.
* * * LOW HITPOINT WARNING * * *
You feel sick.
You feel less invigorated.
You feel less confused.
You feel sick. Something hits you!
* * * LOW HITPOINT WARNING * * *
Something burns you.
* * * LOW HITPOINT WARNING * * *
* * * LOW HITPOINT WARNING * * *
You feel sick.
You hear some strange, mumbled words.
An orb of energy appears from out of thin air!
The orb of energy hits you!!
You die...

#.############
#..#.......... #######
##..#......[..
###.....####..###.......
##.........##...###......
##................#######.
##..................### #.
#.................#...####.
#.........@......###.).##..
#...............## ###))...
##..............# ##..##
##............## ##..##
##...........## #...#
####...###.....## ##.##
###(..<### ####### ##.#
###.....## #.## #.....###
##.#


There were no monsters in sight!

Vanquished Creatures
  Grinder (D:5)
  2 hippogriffs (D:7)
  2 wyverns
  A yak (D:7)
  Eustachio (D:5)
  A phantom (D:4)
  An orc warrior (D:7)
  2 ice beasts (D:7)
  A black bear (D:6)
  A sky beast (D:7)
  A necrophage (D:5)
  3 ogres
  2 centaurs (D:7)
  A crocodile (D:7)
  A big kobold (D:7)
  5 bullfrogs
  2 scorpions
  3 howler monkeys (D:4)
  A bullfrog zombie (D:6)
  3 crimson imps
  2 centaur zombies (Ossuary)
  A human zombie (Ossuary)
  3 bullfrog skeletons
  2 hounds
  An orc priest (D:7)
  5 iguanas
  5 worker ants
  A killer bee zombie (D:6)
  5 mummies
  4 gnolls (D:8)
  7 adders
  A white imp (D:4)
  An ooze (D:2)
  An adder skeleton (D:4)
  A worm (D:5)
  5 dart slugs
  6 leopard geckos
  5 orcs
  7 bats
  2 giant cockroaches (D:2)
  2 gnoll zombies (Ossuary)
  6 goblins
  9 hobgoblins
  18 jackals
  3 quokkas
  3 frilled lizards
  2 goblin zombies
  A hobgoblin zombie (Ossuary)
  13 kobolds
  A kobold zombie (D:6)
  An orc zombie (Ossuary)
  A quokka skeleton (D:4)
  6 rats
166 creatures vanquished.

Vanquished Creatures (others)
  2 orc wizards (D:8)
  2 orcs (D:8)
4 creatures vanquished.

Grand Total: 170 creatures vanquished

Notes
Turn   | Place    | Note
-------+----------+-------------------------------------------
     0 | D:1      | eccles the Demonspawn Fire Elementalist began the quest for
                  | the Orb.
     0 | D:1      | Reached XP level 1. HP: 13/13 MP: 3/3
   391 | D:1      | Gained mutation: When hurt, damage is shared between your
                  | health and your magic reserves. [demonic ancestry]
   391 | D:1      | Reached XP level 2. HP: 12/19 MP: 0/5
   695 | D:1      | Learned a level 2 spell: Throw Flame
  1240 | D:2      | Gained mutation: Your movements are slightly less
                  | encumbered by armour. (ER -2) [demonic ancestry]
  1240 | D:2      | Reached XP level 3. HP: 24/24 MP: 1/6
  1711 | D:2      | Reached skill level 2 in Conjurations
  1845 | D:2      | Learned a level 3 spell: Conjure Flame
  2045 | D:2      | Reached XP level 4. HP: 30/30 MP: 5/7
  2167 | D:2      | Found a faded altar of an unknown god.
  3611 | D:4      | Reached skill level 1 in Throwing
  3611 | D:4      | Reached XP level 5. HP: 21/35 MP: 7/9
  3763 | D:4      | Found a blossoming altar of Fedhas.
  3938 | D:4      | Reached XP level 6. HP: 42/42 MP: 6/10
  4140 | D:4      | Reached skill level 3 in Conjurations
  4379 | D:4      | Reached XP level 7. HP: 20/47 MP: 0/12
  4895 | D:5      | Entered Level 5 of the Dungeon
  4970 | D:5      | Reached skill level 1 in Fighting
  4970 | D:5      | Reached skill level 4 in Conjurations
  4975 | D:5      | Learned a level 3 spell: Inner Flame
  4980 | D:5      | Learned a level 4 spell: Sticky Flame
  5048 | D:5      | Noticed Grinder
  5087 | D:5      | Killed Grinder
  5087 | D:5      | Gained mutation: You have a pair of small horns on your
                  | head. [demonic ancestry]
  5087 | D:5      | Reached XP level 8. HP: 37/54 MP: 1/14
  5122 | D:5      | Found a bloodstained altar of Trog.
  5329 | D:5      | Noticed Eustachio
  5342 | D:5      | Killed Eustachio
  5342 | D:5      | Reached skill level 5 in Fire Magic
  5390 | D:5      | Found a staircase to the Ecumenical Temple.
  5396 | Temple   | Entered the Ecumenical Temple
  5624 | Temple   | Became a worshipper of Sif Muna the Loreminder
  5739 | D:6      | Reached skill level 5 in Spellcasting
  5874 | D:6      | Found a sand-covered staircase.
  5876 | D:6      | Reached skill level 1 in Short Blades
  5885 | D:6      | Reached skill level 5 in Conjurations
  5889 | Ossuary  | Entered an ossuary
  6193 | Ossuary  | Reached * piety under Sif Muna
  6746 | D:6      | Found an opulent altar of Gozag.
  7110 | D:7      | Found an ancient bone altar of Kikubaaqudgha.
  7126 | D:7      | Noticed a hippogriff
  7136 | D:7      | Killed a hippogriff
  7136 | D:7      | Gained mutation: You have a pair of horns on your head.
                  | [demonic ancestry]
  7136 | D:7      | Reached XP level 9. HP: 24/59 MP: 2/17
  7624 | D:7      | Found a glowing silver altar of Zin.
  7624 | D:7      | Found a stormy altar of Qazlal.
  7630 | D:7      | Found a hide-covered altar of Uskayaw.
  7632 | D:7      | Found an ornate altar of the Wu Jian Council.
  7633 | D:7      | Found a shadowy altar of Dithmenos.
  7773 | D:6      | Reached skill level 6 in Conjurations
  8072 | D:7      | Got a bone war axe
  8082 | D:7      | Noticed a troll
  8110 | D:7      | HP: 3/61 [troll (6)]
  8416 | D:6      | Upgraded the game from 0.24.0-123-gd5b16e6ec5 to
                  | 0.24.0-124-g2791043dd8
  8954 | D:7      | Got a translucent ring mail
  8955 | D:7      | Identified the cursed +0 ring mail of Giurchepp {rC++} (You
                  | found it on level 7 of the Dungeon)
  9252 | D:7      | Reached ** piety under Sif Muna
  9496 | D:8      | Learned a level 5 spell: Fireball
  9760 | D:8      | Reached skill level 7 in Conjurations
  9931 | D:8      | Noticed Erica
  9965 | D:8      | HP: 3/61 [something/bolt of poison (17)]
  9970 | D:8      | HP: 3/61 [poisoned by Erica (bolt of poison)]
  9971 | D:8      | Killed from afar by Erica

Levels and vault maps discovered:
D:1:      lordsloth_arrival_two_stooges, layout_loops_corners
D:2:      layout_basic, first_ration, chequers_ecumenical_altar_lobes
D:3:      layout_loops_corners
D:4:      minmay_polygon_palace, layout_basic, marbit_many_paths,
          minmay_fire_ice_demons
D:5:      layout_cave_pools, minmay_temple_entry_fiery,
          trog_three_pillars_becter, uniq_eustachio, uniq_grinder
D:6:      layout_basic, nicolae_ossuary_entry_giza, grunt_gozag_statues
D:7:      minmay_blocky_corners, layout_basic, nicolae_overflow_crystal_walls,
          chequers_temple_overflow_minitemple
D:8:      layout_cave_pods, fiery_altar_vehumet, uniq_grum, uniq_erica
Temple:   oiseaux_autumnal_temple

Skill      XL: |  1  2  3  4  5  6  7  8  9 |
---------------+----------------------------+-----
Fire Magic     | 3 4 5 6 |  6.5
Stealth        | 2 |  2.8
Conjurations   | 2 3 4 5 7 |  7.0
Throwing       | 1 2 3 4 |  4.5
Spellcasting   | 3 4 5 6 |  6.9
Dodging        | 2 3 |  3.0
Fighting       | 1 2 |  2.2
Short Blades   | 1 2 |  2.5
Slings         | |  0.8
Unarmed Combat | |  0.6

Action                   |  1- 3 |  4- 6 |  7- 9 || total
-------------------------+-------+-------+-------++-------
Melee: Spear             |     3 |       |       ||     3
       Dagger            |    13 |       |       ||    13
       Short sword       |     6 |    49 |   109 ||   164
       Headbutt          |       |       |    18 ||    18
       Unarmed           |       |       |     7 ||     7
       Hunting sling     |       |       |     2 ||     2
 Fire: Hunting sling     |       |       |    39 ||    39
Throw: Stone             |     3 |       |       ||     3
       Dart              |    10 |    75 |    85 ||   170
 Cast: Flame Tongue      |    58 |    63 |   253 ||   374
       Throw Flame       |       |       |    38 ||    38
       Fireball          |       |       |     1 ||     1
  Use: Scroll            |       |    14 |     9 ||    23
       Potion            |       |       |    11 ||    11
  Eat: Chunk             |     4 |     4 |    10 ||    18
       Ration            |       |     1 |     2 ||     3
Armor: Robe              |     9 |     3 |       ||    12
       Leather armour    |       |    11 |    82 ||    93
       Skin              |       |       |     1 ||     1
Dodge: Dodged            |    39 |    60 |   219 ||   318
